 Dungeon Crawl Stone Soup version 0.31-a0-702-gf82c85558f (webtiles) character file.

Game seed: 13236264602699805796

498 arthad the Ruffian (level 6, -21/59 HPs)
             Began as a Troll Shapeshifter on Sept 8, 2023.
             Was an Initiate of Uskayaw.
             Demolished by a two-headed ogre
             ... wielding a +0 giant club
              (24 damage)
             ... on level 4 of the Dungeon.
             The game lasted 00:08:20 (2844 turns).

arthad the Ruffian (Troll Shapeshifter)             Turns: 2844, Time: 00:08:21

Health: -21/59     AC:  4    Str: 25    XL:     6   Next: 94%
Magic:  2/5        EV: 11    Int:  6    God:    Uskayaw [......]
Gold:   180        SH:  0    Dex: 15    Spells: 5/5 levels left

rFire   . .          .
                       - Unarmed
rCold   . . .        (no shield)
rNeg    . . .        a - +0 animal skin
rPois   .            (helmet currently unavailable)
rElec   .            (cloak currently unavailable)
rCorr   .            (gloves unavailable)
SInv    .            (boots unavailable)
Will    .....        (no amulet)
Stlth   ++           l - ring of flight
HPRegen 1.09/turn    m - +6 ring of dexterity
MPRegen 0.09/turn

%: no passive effects
@: beast-form, flying
A: beast (slay +2), large, unfitting armour, claws 3, regeneration 1, shaggy fur
1, tough skin 1
a: Begin Untransformation, Renounce Religion


You were on level 4 of the Dungeon.
You worshipped Uskayaw.
Uskayaw was noncommittal.
You were a hulking beast.
You visited 2 branches of the dungeon, and saw 5 of its levels.

You collected 180 gold pieces.

Inventory:

Hand Weapons
 p - a +4 quarterstaff of chaos
Armour
 a - a +0 animal skin (worn)
 q - a +0 cloak
Jewellery
 g - a ring of ice
 k - a ring of ice
 l - a ring of flight (left claw)
 m - a +6 ring of dexterity (right claw)
Talismans
 c - a beast talisman (active)
 d - a flux talisman
 s - a talisman of death
Scrolls
 e - 2 scrolls of teleportation
 f - a scroll of identify
 n - a scroll of fog {unknown}
 t - a scroll of torment {unknown}
 u - a scroll of enchant weapon {unknown}
 w - a scroll of fear {unknown}
Potions
 b - a potion of lignification
 h - 5 potions of curing
 i - a potion of invisibility
 j - 4 potions of might {unknown}
 o - a potion of experience {unknown}
 r - a potion of haste {unknown}
 v - a potion of magic {unknown}


   Skills:
 * Level 2.8 Fighting
 * Level 3.2 Dodging
 + Level 1.2 Stealth
 * Level 4.5 Unarmed Combat
 * Level 4.2 Shapeshifting


You had 5 spell levels left.
You didn't know any spells.
Your spell library contained the following spells:

 Spells                   Type           Power      Damage    Failure   Level
 Volatile Blastmotes      Fire/Tloc      0%         2d10      83%         3
 Fulminant Prism          Conj/Hex       0%         3d5       99%         4
 Iskenderun's Mystic Bla  Conj/Tloc      0%         2d3       99%         4


Dungeon Overview and Level Annotations

Branches:
Dungeon (4/15)             Temple (1/1) D:4

Altars:
Ashenzari
Dithmenos
Elyvilon
Fedhas
Hepliaklqana
Kikubaaqudgha
Nemelex Xobeh
Ru
Sif Muna
Uskayaw
Vehumet
Wu Jian
Xom
Yredelemnul
Zin
The Shining One

Shops:
D:4 [


Innate Abilities, Weirdness & Mutations

You are a hulking beast.
Your limbs bulge with bestial killing power. (Slay +2)
You are too large for most types of armour.
You have claws for hands.
Your natural rate of healing is unusually fast.
You are covered in fur. (AC +1)
You have tough skin. (AC +1)


Message History

No target in view!
No target in view!
No target in view!
No target in view!
No target in view!
You see here a hobgoblin corpse.
Found Fiadeck's Armour Boutique.
There is an entrance to Fiadeck's Armour Boutique here.
You can access your shopping list by pressing '$'.
w - a scroll labelled NEUMUTEMIS A two-headed ogre comes into view.
It is wielding a +0 giant club and a +0 dire flail.
Found a ring mail.
The two-headed ogre shouts in stereo!
You hear an angry hiss.
An adder comes into view.
The two-headed ogre hits you but does no damage.
The two-headed ogre hits you with a +0 dire flail!
You scratch the two-headed ogre.
The two-headed ogre is lightly wounded.
The two-headed ogre hits you with a +0 giant club!
The two-headed ogre hits you with a +0 dire flail!
You are too injured to fight recklessly!
You are too injured to fight recklessly!
You are too injured to fight recklessly!
You are too injured to fight recklessly!
You are too injured to fight recklessly!
You are too injured to fight recklessly!
You are too injured to fight recklessly!
You are too injured to fight recklessly!
You are too injured to fight recklessly!
You stomp with the beat, sending a shockwave through the revellers around you!
The adder is heavily wounded.
The two-headed ogre is moderately wounded.
You can no longer stomp with the beat.
The adder bites you but does no damage. The adder barely misses you.
You scratch the two-headed ogre.
The two-headed ogre is moderately wounded.
The two-headed ogre hits you with a +0 giant club!!
* * * LOW HITPOINT WARNING * * *
The two-headed ogre hits you with a +0 dire flail!!
You die...

##........####
#..#####......
##.## #......
##.##
#........
##.##
#..........
##..#
#..........
####..##
###.......#
####....##
#########
.......hS#
..#####O.....#
.........
..........
##.........
#......[..
##........
##.......


You could see a two-headed ogre and an adder.

Vanquished Creatures
  Sigmund (D:3)
  Menkaure (D:4)
  Crazy Yiuf (D:2)
  An iguana (D:4)
  A sleepcap (D:2)
  4 adders
  2 ufetubi (D:4)
  A worm (D:4)
  A dart slug (D:4)
  3 orcs
  5 ball pythons
  9 endoplasms
  A giant cockroach (D:1)
  6 hobgoblins
  5 jackals
  11 kobolds
  2 quokkas (D:2)
  5 bats
  2 frilled lizards
  8 goblins
  4 rats
74 creatures vanquished.

Notes
Turn   | Place    | Note
-------+----------+-------------------------------------------
     0 | D:1      | arthad the Troll Shapeshifter began the quest for the Orb.
     0 | D:1      | Reached XP level 1. HP: 18/18 MP: 0/0
   315 | D:1      | Reached skill level 1 in Fighting
   425 | D:1      | Reached XP level 2. HP: 27/27 MP: 1/1
   963 | D:2      | Found a runed translucent door.
   964 | D:2      | Noticed Crazy Yiuf
  1141 | D:2      | Reached XP level 3. HP: 33/33 MP: 2/2
  1306 | D:2      | Killed Crazy Yiuf
  1307 | D:2      | Reached XP level 4. HP: 27/42 MP: 3/3
  1738 | D:3      | Noticed Sigmund
  1747 | D:3      | Killed Sigmund
  1748 | D:3      | Reached skill level 1 in Stealth
  1748 | D:3      | Reached XP level 5. HP: 50/50 MP: 4/4
  1748 | D:3      | Reached XP level 6. HP: 59/59 MP: 5/5
  2381 | D:4      | Found a radiant altar of Vehumet.
  2452 | D:4      | Found a white marble altar of Elyvilon.
  2463 | D:4      | Noticed Menkaure
  2468 | D:4      | Killed Menkaure
  2551 | D:4      | Found a staircase to the Ecumenical Temple.
  2580 | Temple   | Entered the Ecumenical Temple
  2598 | Temple   | Became a worshipper of Uskayaw the Reveller
  2666 | D:4      | Reached * piety under Uskayaw
  2732 | D:4      | Found Fiadeck's Armour Boutique.
  2839 | D:4      | Noticed a two-headed ogre
  2844 | D:4      | Demolished by a two-headed ogre

Illustrated notes

Levels and vault maps discovered:
D:1:      dpeg_chamrin_arrival_tetris, layout_basic, minmay_misc_feat_tiny,
          palyth_stone_intersect
D:2:      layout_rooms, ebering_dispersal_statue_hall, uniq_crazy_yiuf_cottage
D:3:      layout_basic, uniq_sigmund
D:4:      layout_cave_pods, mainiacjoe_overflow_paths,
          nicolae_vehumet_altar_sigil, minmay_temple_entry_large_hall,
          serial_shops, shop, st_stairs_14, uniq_menkaure
Temple:   nicolae_temple_ecumenical_triangle

Skill      XL: |  1  2  3  4  5  6 |
---------------+-------------------+-----
Fighting       | 1 2 |  2.8
Dodging        | 2 3 |  3.2
Stealth        | 1 |  1.2
Unarmed Combat | 4 |  4.5
Shapeshifting  | 4 |  4.2

Action                     |  1- 3 |  4- 6 || total
---------------------------+-------+-------++-------
  Melee: Unarmed           |    75 |   104 ||   179
         Punch             |     3 |     1 ||     4
 Invoke: Stomp             |       |     1 ||     1
    Use: Scroll            |     1 |     4 ||     5
   Stab: Sleeping          |     1 |     2 ||     3
         Distracted        |       |     1 ||     1
 Armour: Animal skin       |    53 |    50 ||   103
  Dodge: Dodged            |    29 |    54 ||    83

Table legend: (Time is in decaauts)
 A = Elapsed time spent in this place.
 B = Non-inter-level travel time spent in this place.
 C = Inter-level travel time spent in this place.
 D = Time resting spent in this place.
 E = Time spent auto-exploring this place.
 F = Levels seen in this place.
 G = Mean time per level.
                   A        B        C        D        E       F      G
               +--------+--------+--------+--------+--------+-----+--------+
         Total |   2830 |   2758 |     72 |     18 |   2264 |   5 |  566.0 |
       Dungeon |   2798 |   2749 |     49 |     18 |   2264 |   4 |  699.5 |
        Temple |     31 |      8 |     23 |      0 |      0 |   1 |   31.0 |
               +--------+--------+--------+--------+--------+-----+--------+

Top non-repeatable levels by time:
     D:3: 903 daAuts
     D:1: 793 daAuts
     D:2: 584 daAuts
     D:4: 517 daAuts
  Temple: 31 daAuts
